 Dungeon Crawl Stone Soup version 0.30-a0-779-g7971cf19c3 (webtiles) character file.

Game seed: 6467363897254839286

70 Shayle the Conjurer (level 4, 32/32 HPs)
             Began as a Demonspawn Conjurer on Feb 17, 2023.
             Quit the game on level 2 of the Dungeon.
             The game lasted 00:04:04 (1376 turns).

Shayle the Conjurer (Demonspawn Conjurer)           Turns: 1376, Time: 00:04:05

Health: 32/32      AC:  3    Str:  7    XL:     4   Next: 3%
Magic:  2/7        EV: 12    Int: 22    God:
Gold:   53         SH:  0    Dex: 11    Spells: 4/7 levels left

rFire   . . .      SeeInvis .    c - +0 dagger
rCold   . . .      Faith    .    (no shield)
rNeg    . . .      Spirit   .    a - +0 robe
rPois   .          Reflect  .    (helmet restricted)
rElec   .          Harm     .    d - +0 cloak
rCorr   .          Rampage  .    (no gloves)
Will    .....                    (no boots)
Stlth   ++                       (no amulet)
HPRegen 0.25/turn                (no ring)
MPRegen 0.10/turn                (no ring)

@: no status effects
A: horns 2, demonic touch 1
a: no special abilities


You were on level 2 of the Dungeon.
You visited 1 branch of the dungeon, and saw 2 of its levels.

You collected 53 gold pieces.

Inventory:

Hand Weapons
 c - a +0 dagger (weapon)
Armour
 a - a +0 robe (worn)
 d - a +0 cloak (worn)
Scrolls
 e - a scroll of enchant armour {unknown}
 g - a scroll of identify {unknown}
Potions
 b - a potion of magic
 f - a potion of haste {unknown}


   Skills:
 + Level 1.4 Fighting
 + Level 2.3 Dodging
 + Level 2.4 Stealth
 + Level 2.4 Spellcasting
 + Level 4.3 Conjurations


You had 4 spell levels left.
You knew the following spells:

 Your Spells              Type           Power      Damage    Failure   Level
a - Magic Dart            Conj           84%        1d7       2%          1
b - Searing Ray           Conj           42%        2d6       3%          2

Your spell library contained the following spells:

 Spells                   Type           Power      Damage    Failure   Level
 Slow                     Hex            8%         N/A       13%         1
 Dazzling Flash           Conj/Hex       24%        N/A       16%         3
 Confusing Touch          Hex            2%         N/A       36%         3
 Vampiric Draining        Necr           2%         2d6       36%         3
 Fulminant Prism          Conj/Hex       6%         3d7       47%         4
 Iskenderun's Mystic Bla  Conj/Tloc      12%        2d5       47%         4


Dungeon Overview and Level Annotations

Branches:
Dungeon (2/15)

Altars:

Shops:
D:1 (


Innate Abilities, Weirdness & Mutations

You have a pair of horns on your head.
Your touch may inflict minor irresistible damage on your foes.


Message History

The hobgoblin closely misses you.
You barely miss the hobgoblin. Your headbutt misses the hobgoblin.
The hobgoblin is moderately wounded.
The hobgoblin closely misses you.
Casting: Magic Dart (safe; 2% risk of failure)
Confirm with . or Enter, or press ? or * to list all spells.
Aiming: Magic Dart (safe; 2% risk of failure)
Press: ? - help, Shift-Dir - straight line, f - hobgoblin
Aim: a hobgoblin (moderately wounded, 100% to hit)
The magic dart hits the hobgoblin but does no damage.
The hobgoblin is moderately wounded.
The hobgoblin closely misses you.
Casting: Magic Dart (safe; 2% risk of failure)
Confirm with . or Enter, or press ? or * to list all spells.
Aiming: Magic Dart (safe; 2% risk of failure)
Press: ? - help, Shift-Dir - straight line, f/p - hobgoblin
Aim: a hobgoblin (moderately wounded, 100% to hit)
The magic dart hits the hobgoblin.
You kill the hobgoblin!
You now have 53 gold pieces (gained 4).
Found a stone staircase leading down.
A hound comes into view.
The hound barks!
Casting: Magic Dart (safe; 2% risk of failure)
Confirm with . or Enter, or press ? or * to list all spells.
Aiming: Searing Ray (safe; 3% risk of failure)
Press: ? - help, Shift-Dir - straight line, f - hound
Aim: a hound (69% to hit)
The searing ray hits the hound.
The hound is moderately wounded. (Press . to maintain the ray.)
The searing ray hits the hound!
The hound is severely wounded.
The searing ray hits the hound!
You kill the hound!
You have reached level 4!
You feel clever.
Your demonic ancestry asserts itself...
Your hands begin to faintly glow with unholy energy.
You see here a hound corpse.
Are you sure you want to abandon this character and quit the game? (Confirm with "yes".)

####### ##..>..##
##.......## #.........#
##### #.....@.†.#
##...# #.........#
#..#.# #.........#
#.##.#
#..?......####.#..#
##.....(....##.#.######
#.........#............
#.........###.#..#####.
#.............#.##
#.........[###..#####.


There were no monsters in sight!

Vanquished Creatures
  A hound (D:2)
  3 dart slugs
  A bat (D:1)
  3 endoplasms
  A giant cockroach (D:1)
  4 hobgoblins
  A quokka (D:2)
  2 ball pythons (D:1)
  7 goblins
  6 kobolds (D:1)
  2 rats (D:1)
31 creatures vanquished.

Notes
Turn   | Place    | Note
-------+----------+-------------------------------------------
     0 | D:1      | Shayle the Demonspawn Conjurer began the quest for the Orb.
     0 | D:1      | Reached XP level 1. HP: 13/13 MP: 3/3
   196 | D:1      | Discovered your monstrous ancestry.
   196 | D:1      | Gained mutation: You have a pair of small horns on your
                  | head. [demonic ancestry]
   196 | D:1      | Reached XP level 2. HP: 10/20 MP: 0/5
   804 | D:1      | Found Vety's Weapon Boutique.
   810 | D:1      | Reached skill level 1 in Fighting
  1034 | D:1      | Gained mutation: You have a pair of horns on your head.
                  | [demonic ancestry]
  1034 | D:1      | Reached XP level 3. HP: 26/26 MP: 1/6
  1265 | D:2      | Learned a level 2 spell: Searing Ray
  1373 | D:2      | Gained mutation: Your touch may inflict minor irresistible
                  | damage on your foes. [demonic ancestry]
  1373 | D:2      | Reached XP level 4. HP: 32/32 MP: 2/7
  1376 | D:2      | Quit the game

Illustrated notes

Levels and vault maps discovered:
D:1:      ncdulo_wetmaze, layout_basic, serial_shops, shop,
          corexii_hall_statues_t, minmay_distorted
D:2:      layout_rooms, minivault_4

Skill      XL: |  1  2 |
---------------+-------+-----
Stealth        | 2 |  2.4
Dodging        | 2 |  2.3
Fighting       | 1 |  1.4
Spellcasting   | |  2.4
Conjurations   | |  4.3

Action                     |  1- 3 |  4- 6 || total
---------------------------+-------+-------++-------
  Melee: Dagger            |    30 |       ||    30
         Unarmed           |     2 |       ||     2
         Headbutt          |     3 |       ||     3
   Cast: Magic Dart        |    44 |       ||    44
         Searing Ray       |     1 |       ||     1
   Stab: Sleeping          |     2 |       ||     2
 Armour: Robe              |     5 |       ||     5
  Dodge: Dodged            |    16 |       ||    16

Table legend: (Time is in decaauts)
 A = Elapsed time spent in this place.
 B = Non-inter-level travel time spent in this place.
 C = Inter-level travel time spent in this place.
 D = Time resting spent in this place.
 E = Time spent auto-exploring this place.
 F = Levels seen in this place.
 G = Mean time per level.
                   A        B        C        D        E       F      G
               +--------+--------+--------+--------+--------+-----+--------+
         Total |   1384 |   1371 |     13 |     68 |   1081 |   2 |  692.0 |
       Dungeon |   1384 |   1371 |     13 |     68 |   1081 |   2 |  692.0 |
               +--------+--------+--------+--------+--------+-----+--------+

Top non-repeatable levels by time:
     D:1: 1238 daAuts
     D:2: 145 daAuts
